 Dungeon Crawl Stone Soup version 0.20-a0-823-gdec668e (console) character file.

10210 swinepaste the Thaumaturge (level 11, 0/53 HPs)
             Began as a Spriggan Warper on Mar 4, 2017.
             Was a Believer of Kikubaaqudgha.
             Killed by vampiric draining
             ... invoked by a vampire
              (15 damage)
             ... on level 10 of the Dungeon on Mar 5, 2017.
             The game lasted 00:59:03 (14041 turns).

swinepaste the Thaumaturge (Spriggan Warper)       Turns: 14041, Time: 00:59:04

Health: 0/53       AC: 10    Str:  5 (7)  XL:     11   Next: 33%
Magic:  31/36      EV: 34    Int: 10 (13) God:    Kikubaaqudgha [**....]
Gold:   542        SH:  0    Dex: 24 (26) Spells: 9/33 levels left

rFire    . . .     SeeInvis +   b - +1 dagger (chaos)
rCold    . . .     Gourm    .   e - +1 robe
rNeg     . . .     Faith    .   (shield restricted)
rPois    .         Spirit   .   (helmet restricted)
rElec    +         Reflect  .   I - +1 cloak
rCorr    .         Harm     .   (gloves unavailable)
MR       +....                  (boots unavailable)
Stlth    +++.......             y - amulet of rage
Regen    0.2/turn               U - ring "Xuhuph" {*Slow rElec EV+4 Int-5 Dex+10}
MPRegen  0.3/turn               m - ring of magical power

@: very quick
A: unfitting armour, molten scales 1, slimy green scales 1, see invisible,
herbivore 3, speed 3, shaggy fur 1, slow metabolism 2
a: Receive Corpses, Renounce Religion, Evoke Berserk Rage


You were on level 10 of the Dungeon.
You worshipped Kikubaaqudgha.
Kikubaaqudgha was pleased with you.
You were hungry.

You visited 2 branches of the dungeon, and saw 11 of its levels.
You also visited: Sewer.

You collected 542 gold pieces.

Inventory:

Hand Weapons
 a - the +8 dagger "Biyxkosch" {drain, MR+}
   (You found it on level 10 of the Dungeon)

   A truly terrible weapon, it drains the life of those it strikes.
   It affects your resistance to hostile enchantments.
 b - a +1 dagger of chaos (weapon)
 n - a +0 spear of chaos
 q - a +0 dagger of chaos
 r - a +0 short sword
 x - a +0 blowgun
 S - a +0 dagger of venom
Missiles
 i - 6 needles of sleeping
 s - 32 poisoned needles
 w - 8 tomahawks (quivered)
 K - 5 curare-tipped needles
Armour
 e - a +1 robe (worn)
 I - a +1 cloak (worn)
 V - the -2 hat of the Alchemist {rElec rPois rF+ rC+ rN+ MR+ rMut rCorr}
   (You found it on level 10 of the Dungeon)

   It protects you from fire.
   It protects you from cold.
   It insulates you from electricity.
   It protects you from poison.
   It protects you from negative energy.
   It affects your resistance to hostile enchantments.
   It protects you from acid and corrosion.
   It protects you from mutation.
Jewellery
 m - a ring of magical power (left hand)
 y - an amulet of rage (around neck)
 L - an uncursed ring of fire
 O - an uncursed ring of ice
 U - the ring "Xuhuph" (right hand) {*Slow rElec EV+4 Int-5 Dex+10}
   (You found it on level 10 of the Dungeon)

   [ring of evasion]

   It affects your evasion (+4).
   It affects your intelligence (-5).
   It affects your dexterity (+10).
   It insulates you from electricity.
   It may slow you when you take damage.
Wands
 u - a wand of polymorph (23/24)
 A - a wand of digging (13/24)
 F - a wand of lightning (10/15)
 J - a wand of clouds (5/9)
 N - a wand of paralysis (13/24)
 Q - a wand of confusion (40/48)
 T - a wand of polymorph (5/24)
 W - a wand of paralysis (15/24)
Scrolls
 d - 8 scrolls of blinking
 g - 16 scrolls of identify
 h - 3 scrolls of magic mapping
 j - 2 scrolls of enchant weapon
 p - a scroll of teleportation
 t - 4 scrolls of enchant armour
 D - a scroll of recharging
 E - a scroll of remove curse
 M - a scroll of fog
Potions
 k - 2 potions of mutation
 l - 6 potions of curing
 v - a potion of might
 C - 3 potions of heal wounds
 P - 2 potions of resistance
Books
 c - a book of Spatial Translocations

   Spells                             Type                      Level
   a - Blink                          Translocation                2
   b - Shroud of Golubria             Charms/Translocation         2
   c - Lesser Beckoning               Translocation                3
   d - Gell's Gravitas                Translocation                3
   e - Teleport Other                 Translocation                3
   f - Passage of Golubria            Translocation                4
 o - a book of Changes

   Spells                             Type                      Level
   a - Beastly Appendage              Transmutation                1
   b - Sticks to Snakes               Transmutation                2
   c - Spider Form                    Transmutation/Poison         3
   d - Ice Form                       Ice/Transmutation            4
   e - Blade Hands                    Transmutation                5
 B - a book of Necromancy

   Spells                             Type                      Level
   a - Pain                           Necromancy                   1
   b - Animate Skeleton               Necromancy                   1
   c - Vampiric Draining              Necromancy                   3
   d - Regeneration                   Charms/Necromancy            3
   e - Animate Dead                   Necromancy                   4
   f - Control Undead                 Necromancy                   4
 G - Kikubaaqudgha's Handbook of Evil Magic
   (Kikubaaqudgha gifted it to you on level 7 of the Dungeon)

   Spells                             Type                      Level
   a - Animate Skeleton               Necromancy                   1
   b - Corpse Rot                     Necromancy                   2
   c - Sublimation of Blood           Necromancy                   2
   d - Regeneration                   Charms/Necromancy            3
   e - Control Undead                 Necromancy                   4
 R - a book of Enchantments

   Spells                             Type                      Level
   a - Cause Fear                     Hexes                        4
   b - Yara's Violent Unravelling     Hexes/Transmutation          5
   c - Silence                        Hexes/Air                    5
   d - Deflect Missiles               Charms/Air                   6
   e - Discord                        Hexes                        8
Comestibles
 f - 6 bread rations
 z - 5 fruits
 H - 3 royal jellies


   Skills:
 - Level 4.0 Fighting
 - Level 10.2 Short Blades
 - Level 1.0 Throwing
 - Level 10.7 Dodging
 - Level 5.1 Stealth
 + Level 11.9 Spellcasting
 - Level 4.2 Necromancy
 - Level 9.3 Translocations


You had 9 spell levels left.
You knew the following spells:

 Your Spells              Type           Power        Failure   Level  Hunger
a - Animate Skeleton      Necr           N/A          1%          1    None
b - Blink                 Tloc           N/A          1%          2    None
c - Control Undead        Necr           ##........   21%         4    ####...
e - Lesser Beckoning      Tloc           ###.......   1%          3    ##.....
g - Shroud of Golubria    Chrm/Tloc      ###.......   2%          2    None
r - Corpse Rot            Necr           N/A          3%          2    None
v - Vampiric Draining     Necr           ##........   8%          3    ##.....
z - Pain                  Necr           ##..         1%          1    None
G - Gell's Gravitas       Tloc           ###.......   1%          3    ##.....
R - Regeneration          Chrm/Necr      ##........   14%         3    ##.....


Dungeon Overview and Level Annotations

Branches:
Dungeon (10/15)            Temple (1/1) D:6            Lair (0/6) D:8
    Orc: D:9-12

Altars:
Ashenzari
Cheibriados
Dithmenos
Elyvilon
Fedhas
Gozag
Hepliaklqana
Kikubaaqudgha
Makhleb
Nemelex Xobeh
Okawaru
Qazlal
Ru
Sif Muna
Trog
Uskayaw
Vehumet
Wu Jian
Xom
Yredelemnul
Zin
The Shining One

Shops:
D:5 ?

Annotations:
D:3 smeego's ghost, amateur MfIE
D:9 exclusion: ice statue


Innate Abilities, Weirdness & Mutations

You are very small and have problems with some larger weapons.
You are too small for most types of armour.
You have supernaturally acute eyesight. (SInv)
You are a herbivore.
You cover ground extremely quickly.
You need consume almost no food.
You are partially covered in molten scales. (AC +2)
You are partially covered in slimy green scales. (AC +2)
You are covered in fur. (AC +1)


Message History

You hit the vampire but do no damage.
The vampire is lightly damaged.
You hit the vampire but do no damage.
Space warps horribly around the vampire!
The vampire is severely damaged.
The vampire completely misses you. The vampire misses you.
You hit the vampire but do no damage.
The vampire is severely damaged.
You completely miss the vampire.
The vampire is severely damaged.
The vampire is infused with unholy energy.
* * * LOW HITPOINT WARNING * * *
The vampire draws life force from you and is healed!
You hit the vampire but do no damage. Lightning courses through the vampire!
The vampire is almost destroyed.
You hit the vampire but do no damage.
The vampire is almost destroyed.
The vampire is infused with unholy energy.
You die...
Kikubaaqudgha rasps: "You have failed me!
Welcome... death!"

.# #........# ###.......#
.# #......#.###.'.[....$#
.###......#.....#.......#
4.Oh....................#
####....................#
# ###+#............#####
# #............# #
#............# #
##.....).Vi...# #
..............#
............?.#
..............#
..............#
..............#
.............##
..############ ..


You could see a vampire.

Vanquished Creatures
  Erolcha (D:10)
  4 two-headed ogres
  Pikel (D:7)
  A troll (D:10)
  Prince Ribbit (D:7)
  4 hogs (D:7)
  A hungry ghost (D:7)
  A human (D:7)
  A water moccasin (D:8)
  2 black bears
  An ice beast (D:5)
  3 phantoms
  5 orc warriors
  2 sky beasts
  2 slaves (D:7)
  A necrophage (D:6)
  4 centaurs
  2 ogres
  A crocodile (D:9)
  6 bullfrogs
  4 scorpions
  8 killer bees
  7 howler monkeys (D:8)
  2 crimson imps
  Crazy Yiuf (D:7)
  A bullfrog zombie (D:9)
  5 jellies
  A centaur zombie (D:5)
  3 hounds
  2 bullfrog skeletons
  A centaur skeleton (D:9)
  4 iguanas
  10 orc wizards
  5 orc priests
  Natasha (thrice) (D:3)
  6 worker ants
  A hound zombie (D:10)
  3 hound skeletons
  10 gnolls
  13 adders
  A river rat (D:4)
  A shadow imp (D:9)
  2 oozes
  2 worms
  3 dart slugs
  4 leopard geckos
  24 orcs
  7 ball pythons
  18 giant cockroaches
  8 goblins
  3 hobgoblins (D:2)
  5 jackals
  7 quokkas
  8 bats
  14 frilled lizards
  A jackal skeleton (D:4)
  A jackal zombie (D:5)
  10 kobolds
  A quokka skeleton (D:4)
  A quokka zombie (D:6)
  14 rats
269 creatures vanquished.

Vanquished Creatures (collateral kills)
  An obsidian statue (D:10)
  A centaur skeleton (D:9)
  A centaur (D:9)
3 creatures vanquished.

Vanquished Creatures (others)
  A water moccasin (D:8)
  A leopard gecko (D:3)
2 creatures vanquished.

Grand Total: 274 creatures vanquished

Notes
Turn   | Place    | Note
-------+----------+-------------------------------------------
     0 | D:1      | swinepaste the Spriggan Warper began the quest for the Orb.
     0 | D:1      | Reached XP level 1. HP: 10/10 MP: 5/5
   510 | D:1      | Reached XP level 2. HP: 9/14 MP: 6/6
  1048 | D:1      | Gained mutation: You are partially covered in molten scales. (AC +2) [potion of mutation]
  1048 | D:1      | Gained mutation: You are partially covered in slimy green scales. (AC +2) [potion of mutation]
  1048 | D:1      | Gained mutation: You are covered in fur. (AC +1) [potion of mutation]
  1105 | D:1      | Learned a level 2 spell: Blink
  1303 | D:1      | Reached XP level 3. HP: 18/18 MP: 8/8
  1644 | D:2      | Found a sacrificial altar of Ru.
  1674 | D:2      | Reached skill level 3 in Spellcasting
  1798 | D:2      | Learned a level 2 spell: Shroud of Golubria
  1802 | D:2      | Learned a level 3 spell: Gell's Gravitas
  2661 | D:2      | Reached XP level 4. HP: 22/22 MP: 4/9
  2668 | D:2      | Found a shimmering altar of Xom.
  2980 | D:3      | Noticed Natasha
  2991 | D:3      | Killed Natasha
  2991 | D:3      | Reached skill level 5 in Short Blades
  3020 | D:3      | Noticed Natasha
  3235 | D:3      | Noticed a centaur
  3300 | D:3      | Reached XP level 5. HP: 16/25 MP: 10/10
  3310 | D:3      | Learned a level 3 spell: Lesser Beckoning
  3317 | D:3      | Noticed smeego's ghost (amateur MfIE)
  3346 | D:3      | Killed Natasha
  3627 | D:3      | Killed a centaur
  3804 | D:3      | Found a white marble altar of Elyvilon.
  3835 | D:3      | Reached skill level 1 in Stealth
  3882 | D:3      | Found a basalt altar of Yredelemnul.
  4044 | D:3      | Found a hazy altar of Hepliaklqana.
  4121 | D:3      | Noticed Natasha
  4133 | D:3      | Killed Natasha
  4133 | D:3      | Reached XP level 6. HP: 30/30 MP: 11/11
  4392 | D:4      | Found a glowing drain.
  4463 | Sewer    | Entered a sewer
  4792 | Sewer    | Reached skill level 5 in Stealth
  5365 | D:4      | Reached XP level 7. HP: 22/33 MP: 12/12
  5688 | D:4      | Found a blossoming altar of Fedhas.
  5974 | D:4      | Reached skill level 4 in Spellcasting
  5974 | D:4      | Reached skill level 5 in Translocations
  6188 | D:4      | Found a deep blue altar of Sif Muna.
  6880 | D:5      | Entered Level 5 of the Dungeon
  6906 | D:5      | Reached skill level 5 in Spellcasting
  6906 | D:5      | Reached XP level 8. HP: 37/37 MP: 16/16
  7102 | D:5      | Found a burning altar of Makhleb.
  7146 | D:5      | Found Suwkaopo's Magic Scroll Shop.
  7162 | D:5      | Found a hide-covered altar of Uskayaw.
  7163 | D:5      | Noticed a dagger
  7164 | D:5      | Noticed an enchanted dagger
  7889 | D:6      | Reached skill level 6 in Spellcasting
  8124 | D:6      | Found a snail-covered altar of Cheibriados.
  8202 | D:6      | Reached skill level 7 in Spellcasting
  8267 | D:6      | Found a staircase to the Ecumenical Temple.
  8423 | Temple   | Entered the Ecumenical Temple
  8628 | Temple   | Became a worshipper of Kikubaaqudgha
  8774 | D:7      | Noticed Pikel
  8790 | D:7      | Learned a level 1 spell: Pain
  9168 | D:6      | Reached skill level 1 in Necromancy
  9222 | D:6      | Reached XP level 9. HP: 37/41 MP: 21/21
  9229 | D:6      | Learned a level 1 spell: Animate Skeleton
  9233 | D:6      | Learned a level 3 spell: Vampiric Draining
  9294 | D:7      | Noticed Prince Ribbit
  9327 | D:7      | Killed Prince Ribbit
  9708 | D:7      | Learned a level 4 spell: Control Undead
  9971 | D:7      | Reached skill level 5 in Dodging
 10074 | D:7      | Reached * piety under Kikubaaqudgha
 10074 | D:7      | Identified Kikubaaqudgha's Handbook of Evil Magic (Kikubaaqudgha gifted it to you on level 7 of the Dungeon)
 10074 | D:7      | Received a gift from Kikubaaqudgha
 10151 | D:7      | Killed Pikel
 10243 | D:7      | Learned a level 2 spell: Corpse Rot
 10352 | D:7      | Reached skill level 10 in Dodging
 10368 | D:7      | Reached XP level 10. HP: 46/46 MP: 22/22
 10568 | D:7      | Found a runed door.
 10572 | D:7      | Noticed Crazy Yiuf
 10596 | D:7      | Killed Crazy Yiuf
 10836 | D:8      | Found an iron altar of Okawaru.
 11169 | D:8      | Found a staircase to the Lair.
 12328 | D:8      | Found a deep blue altar of Sif Muna.
 12440 | D:8      | Reached ** piety under Kikubaaqudgha
 12692 | D:9      | Noticed a two-headed ogre
 12837 | D:9      | Killed a two-headed ogre
 12837 | D:9      | Reached skill level 10 in Short Blades
 12879 | D:9      | Noticed a two-headed ogre
 12898 | D:9      | Killed a two-headed ogre
 12898 | D:9      | Reached skill level 9 in Spellcasting
 13001 | D:9      | Noticed a two-headed ogre
 13056 | D:9      | Killed a two-headed ogre
 13056 | D:9      | Reached skill level 10 in Spellcasting
 13056 | D:9      | Reached XP level 11. HP: 48/53 MP: 26/26
 13100 | D:8      | Found an ornate altar of the Wu Jian Council.
 13246 | D:9      | Found a glowing silver altar of Zin.
 13471 | D:10     | Entered Level 10 of the Dungeon
 13520 | D:10     | Got an ebony dagger
 13521 | D:10     | Identified the +8 dagger "Biyxkosch" {drain, MR+} (You found it on level 10 of the Dungeon)
 13626 | D:10     | Noticed a two-headed ogre
 13669 | D:10     | Killed a two-headed ogre
 13669 | D:10     | Reached skill level 11 in Spellcasting
 13783 | D:10     | Noticed Erolcha
 13810 | D:10     | Killed Erolcha
 13835 | D:10     | Got a wavering lead ring
 13841 | D:10     | Identified the ring "Xuhuph" {*Slow rElec EV+4 Int-5 Dex+10} (You found it on level 10 of the Dungeon)
 13866 | D:10     | Upgraded the game from 0.20-a0-820-g557356e to 0.20-a0-823-gdec668e
 13902 | D:10     | Learned a level 3 spell: Regeneration
 13915 | D:10     | Noticed an obsidian statue
 14019 | D:10     | Killed an obsidian statue
 14041 | D:10     | Killed from afar by a vampire

Vault maps used:
D:1:      dpeg_arrival_triangle_fractal, minmay_stone_trees_medium,
          serial_park_tiny_1, minmay_misc_feat_alley
D:2:      lemuel_doored_altar, first_bread, tgw_xom
D:3:      kennysheep_ying_yang, marbit_many_paths, grunt_ministairs_13,
          uniq_natasha
D:4:      lemuel_crystal_altar, kennysheep_mini, portal_sewer_entry_f
D:5:      dancing_weapons_uskayaw, bloody_makhleb, serial_shops, shop,
          serial_park_tiny_pond
D:6:      slow_altar_1, minmay_temple_entry_overgrown
D:7:      grunt_livestock, uniq_prince_ribbit1, uniq_crazy_yiuf_cottage,
          uniq_pikel
D:8:      kennysheep_orc_sif_temple, okawaru_trees_1,
          nicolae_overflow_hidden_temple
D:9:      lemuel_ice_statue, nicolae_overflow_crystal_walls
D:10:     minivault_16, minmay_radiant, uniq_erolcha
Temple:   jpeg_temple_alley_garden
Sewer:    sewer_frog_island_01

Skill      XL: |  1  2  3  4  5  6  7  8  9 10 11 |
---------------+----------------------------------+-----
Short Blades   | 3 4 5 6 7 8 10 | 10.2
Spellcasting   | 3 5 7 10 11 | 11.9
Stealth        | 2 5 |  5.1
Translocations | 6 9 |  9.3
Necromancy     | 2 4 |  4.2
Dodging        | 10 | 10.7
Fighting       | 4 |  4.0
Throwing       | |  1.0

Action                   |  1- 3 |  4- 6 |  7- 9 | 10-12 || total
-------------------------+-------+-------+-------+-------++-------
Melee: Short sword       |   249 |     5 |       |       ||   254
       Dagger            |       |   244 |   483 |   361 ||  1088
 Fire: Blowgun           |       |     7 |       |       ||     7
Throw: Tomahawk          |       |     5 |       |       ||     5
 Cast: Blink             |     4 |     3 |       |    11 ||    18
       Gell's Gravitas   |     3 |     1 |    17 |     5 ||    26
       Shroud of Golubri |       |     1 |     3 |       ||     4
       Pain              |       |       |    43 |   103 ||   146
       Corpse Rot        |       |       |     1 |     9 ||    10
       Vampiric Draining |       |       |       |     6 ||     6
       Animate Skeleton  |       |       |       |     4 ||     4
       Lesser Beckoning  |       |       |       |     2 ||     2
       Control Undead    |       |       |       |     2 ||     2
  Use: Potion            |     1 |     3 |     3 |     3 ||    10
       Scroll            |       |     2 |     8 |     1 ||    11
 Stab: Sleeping          |     2 |     5 |    15 |     4 ||    26
       Petrifying        |       |     1 |       |     1 ||     2
       Confused          |       |     1 |     1 |     1 ||     3
       Paralysed         |       |     1 |     3 |     2 ||     6
       Distracted        |       |       |     1 |       ||     1
  Eat: Bread ration      |       |     1 |       |       ||     1
       Royal jelly       |       |       |     2 |     2 ||     4
       Fruit             |       |       |     1 |       ||     1
Armor: Robe              |    31 |    38 |    47 |    33 ||   149
Dodge: Dodged            |   194 |   175 |   237 |   240 ||   846
